[Event "December 5 Early 2023"]
[Site "https://www.chess.com"]
[Date "2023.12.05"]
[Round "11"]
[White "Buchenau, Frank"]
[Black "Bodnar, Nikolay"]
[Result "0-1"]
[Board "70"]
[TimeControl "180+1"]
[WhiteFideId "4604350"]
[BlackFideId "14106469"]
[WhiteElo "2408"]
[BlackElo "2631"]
[WhiteTeam "GER"]
[BlackTeam "UKR"]
[WhiteClock "0:00:00"]
[BlackClock "0:00:58"]

1. e4 c5 2. Nf3 a6 3. g3 b5 4. Bg2 Bb7 5. Qe2 e6 6. O-O Nf6 7. e5 Nd5 8. d3 Nc6 9. c4 Nb6 10. Nc3 Nd4 11. Nxd4 Bxg2 12. Kxg2 cxd4 13. Ne4 Qc7 14. Bf4 bxc4 15. Rac1 cxd3 16. Qxd3 Qb7 17. Qxd4 Be7 18. Kg1 O-O 19. Bg5 Bxg5 20. Nxg5 f6 21. exf6 gxf6 22. Ne4 Nd5 23. Rc2 Rac8 24. Rfc1 Rxc2 25. Rxc2 Qb4 26. Rd2 Qxd4 27. Rxd4 Rc8 28. Rd2 f5 29. Ng5 Kg7 30. Nf3 Kf6 31. Kf1 Rc1+ 32. Ke2 a5 33. Rd1 Rc2+ 34. Rd2 Rc4 35. Nd4 h5 36. f4 h4 37. Kf3 Rc1 38. a3 a4 39. Rc2 Rf1+ 40. Kg2 Ne3+ 0-1

[Event "December 5 Early 2023"]
[Site "https://www.chess.com"]
[Date "2023.12.05"]
[Round "11"]
[White "Jovic, Stanoje"]
[Black "Zivic, Dragan"]
[Result "1/2-1/2"]
[Board "71"]
[TimeControl "180+1"]
[WhiteFideId "905020"]
[BlackFideId "904740"]
[WhiteElo "2479"]
[BlackElo "2370"]
[WhiteTeam "SRB"]
[BlackTeam "SRB"]
[WhiteClock "0:00:14"]
[BlackClock "0:00:43"]

1. c4 e5 2. g3 Nf6 3. Bg2 d5 4. cxd5 Nxd5 5. Nf3 Nc6 6. O-O Nb6 7. Nc3 Be7 8. d4 exd4 9. Nb5 O-O 10. Nbxd4 Nxd4 11. Nxd4 c6 12. a4 Bf6 13. e3 Bxd4 14. Qxd4 Qxd4 15. exd4 Nd5 16. a5 Re8 17. Bd2 Bf5 18. Rfe1 f6 19. h3 Kf7 20. g4 Bd3 21. f4 Rxe1+ 22. Rxe1 Re8 23. Rxe8 Kxe8 24. f5 h5 25. Kf2 hxg4 26. hxg4 Kd7 27. Kg3 b6 28. b4 Bc4 29. Bf3 Nc7 30. Kh4 Nb5 31. Be3 Bd5 32. Be2 Nc7 33. g5 Be4 34. Bg4 Nd5 35. Bd2 Ne7 36. gxf6 gxf6 37. Kh5 Bxf5 38. Be2 Be6 39. Kh6 f5 40. Kg5 Nd5 41. Bh5 Kd6 42. Bg6 c5 43. dxc5+ bxc5 44. b5 c4 45. Bxf5 Bxf5 46. Kxf5 Kc5 47. b6 axb6 48. axb6 Nxb6 49. Ke4 c3 50. Bxc3 1/2-1/2

[Event "December 5 Early 2023"]
[Site "https://www.chess.com"]
[Date "2023.12.05"]
[Round "11"]
[White "Buksa, Nataliya"]
[Black "GMVignirVatnar"]
[Result "0-1"]
[Board "72"]
[TimeControl "180+1"]
[WhiteFideId "14123622"]
[WhiteElo "2495"]
[BlackElo "2738"]
[WhiteTeam "UKR"]
[WhiteClock "0:01:24"]
[BlackClock "0:00:54"]

1. d4 f5 2. Nc3 Nf6 3. Bg5 d5 4. Bxf6 exf6 5. e3 Nc6 6. Bd3 Be6 7. Qf3 Qd7 8. Nge2 O-O-O 9. Nf4 Bf7 10. h4 h5 11. Qh3 g6 12. a3 Ne7 13. Qg3 Rg8 14. Qf3 Kb8 15. g3 c6 16. Na4 Nc8 17. b4 Nd6 18. Nc5 Qc8 19. a4 Ne4 20. Bxe4 fxe4 21. Qe2 b6 22. Nb3 Bxb4+ 23. Kf1 Rh8 24. a5 b5 25. c3 Bd6 26. a6 g5 27. Ng2 Be6 28. Qb2 Bg4 29. Na5 Bf3 30. Nb7 Rd7 31. Rh2 Rxb7 32. axb7 Qxb7 33. Ne1 Bg4 34. Nc2 gxh4 35. Rxh4 f5 36. Nb4 Be7 37. Rh2 h4 38. Ra6 Bxb4 39. Qxb4 Qxa6 40. Qd6+ Ka8 41. gxh4 Qa1+ 42. Kg2 Bf3+ 43. Kh3 Qf1+ 44. Kg3 Qg1+ 45. Kf4 Qxh2+ 46. Kg5 Qxd6 0-1

[Event "December 5 Early 2023"]
[Site "https://www.chess.com"]
[Date "2023.12.05"]
[Round "11"]
[White "Pakleza, Zbigniew"]
[Black "Mazurkiewicz, Michal"]
[Result "1-0"]
[Board "73"]
[TimeControl "180+1"]
[WhiteFideId "1119290"]
[BlackFideId "1124943"]
[WhiteElo "2677"]
[BlackElo "2492"]
[WhiteTeam "POL"]
[BlackTeam "POL"]
[WhiteClock "0:00:06"]
[BlackClock "0:00:06"]

1. f3 f6 2. Kf2 Kf7 3. Ke3 e5 4. c3 d5 5. d4 c5 6. Kf2 Nc6 7. e3 cxd4 8. exd4 exd4 9. cxd4 Qb6 10. Ne2 Nxd4 11. Nxd4 Bc5 12. Be3 Qxb2+ 13. Qd2 Qxa1 14. Be2 a5 15. Rc1 Bb4 16. Nc3 Bxc3 17. Rxc3 Qb1 18. Nb5 Ne7 19. Rc7 Qb4 20. Qc2 Re8 21. Bc5 Qh4+ 22. Kf1 Bf5 23. Qxf5 Qxh2 24. Nd6+ Kf8 25. Qe6 Qh1+ 26. Kf2 Qh4+ 27. Kf1 Qh1+ 28. Bg1 Qh5 29. f4 Ng6 30. Qf7# 1-0

[Event "December 5 Early 2023"]
[Site "https://www.chess.com"]
[Date "2023.12.05"]
[Round "11"]
[White "Herman, Matthew"]
[Black "Tasev, Dejan"]
[Result "1-0"]
[Board "74"]
[TimeControl "180+1"]
[WhiteFideId "2028964"]
[BlackFideId "936618"]
[WhiteElo "2494"]
[BlackElo "2649"]
[WhiteTeam "USA"]
[BlackTeam "SRB"]
[WhiteClock "0:00:07"]
[BlackClock "0:00:27"]

1. e4 d6 2. d4 Nf6 3. Nc3 g6 4. Nf3 Bg7 5. Be3 O-O 6. Qd2 c5 7. dxc5 dxc5 8. Qxd8 Rxd8 9. Bxc5 Nc6 10. h3 b6 11. Ba3 Bb7 12. Bd3 e6 13. O-O-O Nd7 14. Nb5 Nc5 15. Bxc5 bxc5 16. c3 a6 17. Na3 Rab8 18. Nc4 Kf8 19. Bc2 Ke7 20. Rxd8 Rxd8 21. Rd1 Rxd1+ 22. Kxd1 h6 23. h4 Bc8 24. Ne1 Bf8 25. Nd3 Kf6 26. e5+ Kg7 27. f4 Be7 28. g3 g5 29. hxg5 hxg5 30. Ba4 Bb7 31. Nd6 Ba8 32. Nxc5 gxf4 33. gxf4 a5 34. Na6 Bxd6 35. exd6 Nd8 36. Nc5 Bd5 37. b3 Kf6 38. Kd2 Kf5 39. Ke3 f6 40. Nd7 e5 41. fxe5 fxe5 42. Nb6 Ke6 43. Nxd5 Kxd5 44. d7 Kd6 45. a3 Kd5 46. b4 axb4 47. cxb4 Kc4 48. Ke4 1-0

[Event "December 5 Early 2023"]
[Site "https://www.chess.com"]
[Date "2023.12.05"]
[Round "11"]
[White "Ovetchkin, Roman"]
[Black "Tabuenca Mendataurigoitia, Daniel"]
[Result "1-0"]
[Board "75"]
[TimeControl "180+1"]
[WhiteFideId "4119991"]
[BlackFideId "24563617"]
[WhiteElo "2629"]
[BlackElo "2487"]
[WhiteTeam "RUS"]
[BlackTeam "ESP"]
[WhiteClock "0:00:33"]
[BlackClock "0:00:03"]

1. d4 d6 2. e4 Nf6 3. Nc3 e5 4. Nf3 exd4 5. Nxd4 Be7 6. Bc4 O-O 7. O-O c6 8. Re1 b5 9. Bf1 a5 10. Bf4 Re8 11. h3 h6 12. Qf3 Qb6 13. Rad1 Na6 14. e5 dxe5 15. Bxe5 Bd7 16. Nf5 Bxf5 17. Qxf5 Nb4 18. Re3 Rad8 19. Rg3 Rxd1 20. Nxd1 Qd8 21. Ne3 Nbd5 22. Bd3 Nxe3 23. Rxg7+ Kf8 24. fxe3 Qd5 25. Rg3 Bc5 26. Bxf6 Bxe3+ 27. Kf1 Qxf5+ 28. Bxf5 Bc1 29. Rd3 1-0

[Event "December 5 Early 2023"]
[Site "https://www.chess.com"]
[Date "2023.12.05"]
[Round "11"]
[White "Belov, Alexei"]
[Black "Pourkashiyan, Atousa"]
[Result "1-0"]
[Board "76"]
[TimeControl "180+1"]
[WhiteFideId "4128206"]
[BlackFideId "12502014"]
[WhiteElo "2624"]
[BlackElo "2480"]
[WhiteTeam "RUS"]
[BlackTeam "USA"]
[WhiteClock "0:02:25"]
[BlackClock "0:01:13"]

1. e4 c5 2. Nf3 e6 3. d4 cxd4 4. Nxd4 a6 5. Nc3 Qc7 6. Be2 Nf6 7. O-O d6 8. a4 Nbd7 9. f4 Be7 10. Kh1 O-O 11. Bf3 Rb8 12. Qe2 b6 13. e5 dxe5 14. Nc6 Bb4 15. fxe5 Nd5 16. Nxd5 exd5 17. Nxb4 Qc5 18. Nxd5 Bb7 19. Be3 1-0

[Event "December 5 Early 2023"]
[Site "https://www.chess.com"]
[Date "2023.12.05"]
[Round "11"]
[White "Gubajdullin, Alexei"]
[Black "Iljin, Timofey"]
[Result "1-0"]
[Board "77"]
[TimeControl "180+1"]
[WhiteFideId "4141202"]
[BlackFideId "14110180"]
[WhiteElo "2615"]
[BlackElo "2479"]
[WhiteTeam "RUS"]
[BlackTeam "UKR"]
[WhiteClock "0:00:18"]
[BlackClock "0:00:07"]

1. d4 f5 2. Nf3 Nf6 3. Nc3 g6 4. Bg5 Bg7 5. Bxf6 Bxf6 6. e4 d6 7. h4 h6 8. h5 g5 9. exf5 Bxf5 10. Bd3 Qd7 11. Nd5 O-O 12. O-O Na6 13. Qe2 Rae8 14. Ne3 Bxd3 15. Qxd3 e6 16. Ng4 Bg7 17. Qg6 Kh8 18. c3 e5 19. Nxg5 Qf5 20. Nf3 Re6 21. Qxf5 Rxf5 22. dxe5 dxe5 23. Rad1 Rxh5 24. Rd8+ Kh7 25. Nd2 Rg5 26. f3 e4 27. Re1 Nc5 28. Ne3 Nd3 29. Re2 exf3 30. Nxf3 Nf4 31. Nxg5+ hxg5 32. Re1 Bf6 33. Rd7+ Kg6 34. g3 Nd3 35. Rxd3 Be7 36. Kg2 Bc5 37. Nc2 Ra6 38. a3 Rb6 39. b4 Bd6 40. c4 g4 41. c5 Ra6 42. cxd6 cxd6 43. Red1 Kf5 44. Rd5+ Ke4 45. R1d4# 1-0

[Event "December 5 Early 2023"]
[Site "https://www.chess.com"]
[Date "2023.12.05"]
[Round "11"]
[White "Mizzi, Jack"]
[Black "Espinoza Villanueva, Rodrigo"]
[Result "1/2-1/2"]
[Board "78"]
[TimeControl "180+1"]
[WhiteFideId "5602521"]
[BlackFideId "5140188"]
[WhiteElo "2463"]
[BlackElo "2592"]
[WhiteTeam "MLT"]
[BlackTeam "MEX"]
[WhiteClock "0:01:28"]
[BlackClock "0:02:03"]

1. d4 Nf6 2. c4 g6 3. g3 Bg7 4. Bg2 d6 5. Nf3 O-O 6. O-O Nc6 7. Nc3 a6 8. d5 Na5 9. Nd2 c5 10. e4 b5 11. cxb5 axb5 12. Nxb5 Ba6 13. a4 Qb6 14. Re1 Nd7 15. Bf1 Rfb8 16. Qc2 Bxb5 17. Bxb5 Qc7 18. Nc4 Nxc4 19. Qxc4 Ne5 20. Qe2 Rxb5 21. Qxb5 Nf3+ 22. Kf1 Nxe1 23. Ke2 Nc2 1/2-1/2

[Event "December 5 Early 2023"]
[Site "https://www.chess.com"]
[Date "2023.12.05"]
[Round "11"]
[White "Lund, Gunnar"]
[Black "Swicarz, Maciej"]
[Result "0-1"]
[Board "79"]
[TimeControl "180+1"]
[WhiteFideId "1520814"]
[BlackFideId "1113585"]
[WhiteElo "2580"]
[BlackElo "2450"]
[WhiteTeam "NOR"]
[BlackTeam "POL"]
[WhiteClock "0:00:09"]
[BlackClock "0:00:07"]

1. a3 c5 2. h3 Nc6 3. e3 g6 4. d3 Bg7 5. Nc3 d5 6. Bd2 Nf6 7. e4 O-O 8. Nf3 h6 9. Qc1 Kh7 10. h4 Bg4 11. Be2 Qd7 12. e5 Ng8 13. Ng5+ Kh8 14. e6 Bxe6 15. h5 gxh5 16. Bxh5 f6 17. Nf3 Bf5 18. Ne2 e5 19. Ng3 Bh7 20. Nh4 f5 21. Bg6 f4 22. Nh5 Nf6 23. Qd1 Qg4 24. f3 Qe6 25. c3 e4 26. dxe4 dxe4 27. Bxh7 exf3+ 28. Kf1 fxg2+ 29. Nxg2 Kxh7 30. Nxg7 Kxg7 31. Qc2 Ne4 32. Re1 Rae8 33. Bxf4 Qg4 34. Rxe4 Qf3+ 35. Qf2 Qxf2+ 36. Kxf2 Rxe4 37. Kf3 Re6 38. Kg3 Rg6+ 39. Kf3 Ne5+ 40. Ke4 Rxg2 41. Bxe5+ Kg6 42. Bd6 Rf5 43. b4 c4 44. Kd4 Rg4+ 45. Ke3 Rd5 46. Bf8 Rd3+ 47. Ke2 h5 48. Rf1 Rg2+ 49. Ke1 Rxc3 50. Bc5 Rc1# 0-1

[Event "December 5 Early 2023"]
[Site "https://www.chess.com"]
[Date "2023.12.05"]
[Round "11"]
[White "Liu, Casper"]
[Black "Toman, Ondrej"]
[Result "1-0"]
[Board "80"]
[TimeControl "180+1"]
[WhiteFideId "1454153"]
[BlackFideId "344516"]
[WhiteElo "2448"]
[BlackElo "2579"]
[WhiteTeam "DEN"]
[BlackTeam "CZE"]
[WhiteClock "0:00:11"]
[BlackClock "0:00:00"]

1. d4 Nf6 2. Bf4 c5 3. dxc5 Qa5+ 4. Nc3 Qxc5 5. e4 d6 6. Qd2 Nc6 7. O-O-O a6 8. Nf3 Bg4 9. Kb1 h6 10. Be3 Qa5 11. Bc4 g6 12. Nd5 Nxd5 13. exd5 Qxd2 14. Rxd2 Bxf3 15. gxf3 Ne5 16. Be2 Bg7 17. f4 Nd7 18. Rg1 Bf6 19. Bg4 h5 20. Bh3 Nc5 21. Bxc5 dxc5 22. d6 exd6 23. Rxd6 Bd4 24. Re1+ Kf8 25. Rd7 Kg7 26. Ree7 Rhf8 27. Be6 Kf6 28. Bxf7 Rad8 29. Bd5 Rxd7 30. Rxd7 Kf5 31. Bxb7 a5 32. c3 Bxf2 33. Rg7 Be3 34. Ba6 Kf6 35. Rc7 Bxf4 36. Rxc5 Bxh2 37. Rxa5 h4 38. Bd3 g5 39. Rf5+ Ke7 40. Rxg5 Bg3 41. Rh5 Rf2 42. a4 Kd6 43. a5 Kc7 44. Rh6 Rf3 45. Rh7+ Kb8 46. Be4 Re3 47. Bc6 Bc7 48. a6 h3 49. Rxc7 h2 50. Rh7 Re1+ 51. Ka2 h1=Q 52. a7+ 1-0

[Event "December 5 Early 2023"]
[Site "https://www.chess.com"]
[Date "2023.12.05"]
[Round "11"]
[White "Todorovic, Bojan"]
[Black "Yezhel, Valiantsin"]
[Result "1-0"]
[Board "81"]
[TimeControl "180+1"]
[WhiteFideId "917087"]
[BlackFideId "13504983"]
[WhiteElo "2444"]
[BlackElo "2576"]
[WhiteTeam "SRB"]
[BlackTeam "FID"]
[WhiteClock "0:00:30"]
[BlackClock "0:00:15"]

1. Nf3 d5 2. c4 e6 3. g3 c6 4. Bg2 dxc4 5. a4 Nf6 6. Qc2 b5 7. Nc3 b4 8. Ne4 Ba6 9. O-O Be7 10. Ne5 O-O 11. Nxc4 Nbd7 12. d3 Rc8 13. Be3 Nb6 14. Nc5 Bxc4 15. dxc4 a5 16. Rad1 Qc7 17. Nb3 Nxa4 18. Ra1 Nb6 19. Nxa5 c5 20. Nc6 Qxc6 21. Bxc6 Rxc6 22. Ra6 Rfc8 23. Bg5 h6 24. Bxf6 Bxf6 25. Rd1 R8c7 26. b3 g6 27. h4 h5 28. e3 Kg7 29. Kg2 Nc8 30. Rxc6 Rxc6 31. Rd7 Ne7 32. Qe4 Ra6 33. Qb7 Ra2 34. Rxe7 Bxe7 35. Qxe7 Rc2 36. Qxc5 Rc3 37. Qxb4 Rc2 38. c5 1-0

[Event "December 5 Early 2023"]
[Site "https://www.chess.com"]
[Date "2023.12.05"]
[Round "11"]
[White "Eilers, Stefan"]
[Black "Ginzburg, Yakov"]
[Result "0-1"]
[Board "82"]
[TimeControl "180+1"]
[WhiteFideId "4609565"]
[BlackFideId "4157176"]
[WhiteElo "2440"]
[BlackElo "2564"]
[WhiteTeam "GER"]
[BlackTeam "RUS"]
[WhiteClock "0:00:43"]
[BlackClock "0:02:00"]

1. d4 d5 2. Nf3 Nf6 3. g3 Bf5 4. c4 Bxb1 5. Rxb1 e6 6. Qb3 Nc6 7. Qxb7 Nb4 8. Bf4 Ne4 9. Bxc7 Qc8 10. Qb5+ Qd7 11. a3 Qxb5 12. cxb5 Rc8 13. axb4 Bxb4+ 14. Kd1 Rxc7 15. Bh3 Nxf2# 0-1

[Event "December 5 Early 2023"]
[Site "https://www.chess.com"]
[Date "2023.12.05"]
[Round "11"]
[White "Yelisieiev, Yevhenii"]
[Black "Burmakin, Evgeniy"]
[Result "1-0"]
[Board "83"]
[TimeControl "180+1"]
[WhiteFideId "14139642"]
[BlackFideId "4163729"]
[WhiteElo "2552"]
[BlackElo "2436"]
[WhiteTeam "GER"]
[BlackTeam "RUS"]
[WhiteClock "0:00:38"]
[BlackClock "0:00:10"]

1. d4 Nf6 2. Nf3 g6 3. g3 Bg7 4. Bg2 O-O 5. O-O d5 6. c3 Bf5 7. a4 a5 8. Qb3 Qc8 9. Ne5 c6 10. Bf4 Bh3 11. Bxh3 Qxh3 12. Qxb7 Nbd7 13. Nf3 Rfc8 14. Nbd2 h6 15. Rfb1 g5 16. Bc7 Ne4 17. Qxc6 Ndf6 18. Qb7 g4 19. Nxe4 Nxe4 20. Nh4 e6 21. Bf4 Rab8 22. Bxb8 Rf8 23. Bf4 Bf6 24. Qc7 Bxh4 25. gxh4 Qxh4 26. Bg3 Qh3 27. Qf4 f5 28. b4 Rf7 29. b5 h5 30. b6 Rb7 31. Qc7 h4 32. Qc8+ Kh7 33. Qxb7+ Kg6 34. Qc8 hxg3 35. Qxe6+ Kg5 36. fxg3 Nxg3 37. hxg3 Qxg3+ 38. Kf1 Qh3+ 39. Ke1 g3 40. Qg8+ Kf4 41. b7 Ke3 42. Qe6+ Kf4 43. b8=Q+ Kg5 44. Qbg8+ 1-0

[Event "December 5 Early 2023"]
[Site "https://www.chess.com"]
[Date "2023.12.05"]
[Round "11"]
[White "Jaskolka, Tomasz"]
[Black "Sai Han Thiha"]
[Result "1-0"]
[Board "84"]
[TimeControl "180+1"]
[WhiteFideId "1170791"]
[BlackFideId "13012290"]
[WhiteElo "2546"]
[BlackElo "2436"]
[WhiteTeam "POL"]
[BlackTeam "MYA"]
[WhiteClock "0:00:37"]
[BlackClock "0:00:45"]

1. e4 c6 2. d4 d5 3. f3 dxe4 4. fxe4 e5 5. Nf3 Bg4 6. Be3 Nf6 7. Bc4 exd4 8. Bxd4 c5 9. Bxf6 Qxd1+ 10. Kxd1 gxf6 11. Nc3 Nc6 12. Nd5 O-O-O 13. c3 Ne5 14. Be2 Ng6 15. Kc2 f5 16. Ne3 fxe4 17. Nxg4 exf3 18. Bxf3 Bg7 19. Rad1 b6 20. Ne3 Ne5 21. Be4 Rxd1 22. Rxd1 Rd8 23. Rxd8+ Kxd8 24. Bxh7 Bf8 25. Be4 Ke7 26. g4 f6 27. h4 Ke6 28. h5 Bh6 29. Bf5+ Kd6 30. Nd1 Nf3 31. Nf2 Ke5 32. Nd3+ Kd5 33. Kd1 Ne5 34. Nf2 Nc4 35. b3 Ne3+ 36. Ke2 Nxf5 37. gxf5 Ke5 38. Ng4+ Kxf5 39. Nxh6+ Kg5 40. Ng8 Kxh5 41. Nxf6+ 1-0

[Event "December 5 Early 2023"]
[Site "https://www.chess.com"]
[Date "2023.12.05"]
[Round "11"]
[White "Erzhanov, Arman"]
[Black "Herman, Daniel"]
[Result "1/2-1/2"]
[Board "85"]
[TimeControl "180+1"]
[WhiteFideId "4138821"]
[BlackFideId "30935008"]
[WhiteElo "2545"]
[BlackElo "2428"]
[WhiteTeam "KAZ"]
[BlackTeam "USA"]
[WhiteClock "0:01:25"]
[BlackClock "0:00:31"]

1. e4 e6 2. b3 d5 3. Bb2 dxe4 4. Nc3 Nf6 5. Qe2 Nc6 6. O-O-O Nd4 7. Qe1 Be7 8. Nxe4 O-O 9. Nf3 c5 10. Bd3 Nxe4 11. Qxe4 f5 12. Qe3 Bf6 13. Bc4 Kh8 14. Nxd4 cxd4 15. Qe2 e5 16. c3 e4 17. cxd4 Bxd4 18. d3 Qg5+ 19. Kb1 Bxb2 20. Qxb2 Bd7 21. dxe4 Bc6 22. exf5 Rad8 23. f3 Qxf5+ 24. Ka1 b5 25. Be2 a5 26. Rxd8 Rxd8 27. Rd1 Rxd1+ 28. Bxd1 b4 29. Bc2 Qd5 30. Bb1 h6 31. h3 Bb5 32. a4 Bf1 33. Qc1 Qd4+ 34. Ka2 Qf2+ 35. Ka1 Qd4+ 36. Ka2 Qf2+ 37. Ka1 Qd4+ 1/2-1/2

[Event "December 5 Early 2023"]
[Site "https://www.chess.com"]
[Date "2023.12.05"]
[Round "11"]
[White "Kiremitciyan, Ari"]
[Black "Vakhidov, Shahzod"]
[Result "0-1"]
[Board "86"]
[TimeControl "180+1"]
[WhiteFideId "6373445"]
[BlackFideId "14205270"]
[WhiteElo "2423"]
[BlackElo "2530"]
[WhiteTeam "TUR"]
[BlackTeam "UZB"]
[WhiteClock "0:00:15"]
[BlackClock "0:00:51"]

1. e4 c5 2. Nf3 g6 3. c3 d5 4. exd5 Qxd5 5. d4 Bg7 6. Be3 Nf6 7. Na3 cxd4 8. Nb5 Na6 9. Qxd4 O-O 10. Bc4 Qh5 11. Qh4 Qxh4 12. Nxh4 Ng4 13. Bxa7 Bd7 14. Bb6 Rfc8 15. Be2 Rc6 16. Ba5 Re6 17. a4 Nc5 18. Kf1 Rxa5 0-1

[Event "December 5 Early 2023"]
[Site "https://www.chess.com"]
[Date "2023.12.05"]
[Round "11"]
[White "Tikhonov, Viacheslav"]
[Black "Rogov, Matfey"]
[Result "1-0"]
[Board "87"]
[TimeControl "180+1"]
[WhiteFideId "44196407"]
[BlackFideId "44191308"]
[WhiteElo "2504"]
[BlackElo "2530"]
[WhiteTeam "RUS"]
[BlackTeam "RUS"]
[WhiteClock "0:00:12"]
[BlackClock "0:00:03"]

1. e4 e5 2. Nf3 Nc6 3. Bc4 Nf6 4. Ng5 d5 5. exd5 Na5 6. Bb5+ c6 7. dxc6 bxc6 8. Be2 h6 9. Nh3 Bd6 10. d3 O-O 11. Nc3 Rb8 12. O-O Bxh3 13. gxh3 Nd5 14. Bf3 Qh4 15. Bg2 f5 16. Nxd5 cxd5 17. Bxd5+ Kh8 18. Bg2 Rf6 19. Qf3 Rc8 20. Bd2 Nc6 21. Bc3 Nd4 22. Bxd4 exd4 23. Rac1 Bf4 24. Rce1 Rxc2 25. Re8+ Kh7 26. Qd5 Qg5 27. Kh1 Kg6 28. Qxd4 Kh5 29. Rg1 Kh4 30. Re3 Rxf2 31. Rf3 Rxf3 32. Bxf3 Rd6 33. Rxg5 hxg5 34. Qf2+ Kxh3 35. Qg2+ Kh4 36. Qf2+ Kh3 37. Qf1+ Kh4 38. Kg2 g4 39. Bxg4 Kxg4 40. Qf3+ Kg5 41. h4+ Kf6 42. Qxf4 Rxd3 43. Qg5+ Ke6 44. Qg6+ Ke5 45. Qxg7+ Ke4 46. Qe7+ Kf4 47. Qb4+ Ke3 48. Qe1+ Kf4 49. Qf1+ Ke4 50. Qxd3+ Kxd3 51. Kf3 Kc2 52. h5 Kxb2 53. h6 a5 54. h7 a4 55. h8=Q+ Kxa2 56. Qc3 a3 57. Qc2+ Ka1 58. Qb3 a2 59. Qc2 f4 60. Qc1# 1-0

[Event "December 5 Early 2023"]
[Site "https://www.chess.com"]
[Date "2023.12.05"]
[Round "11"]
[White "Rangel, Daniel"]
[Black "Mohammed, Zozek Salah Mohammed"]
[Result "0-1"]
[Board "88"]
[TimeControl "180+1"]
[WhiteFideId "2124475"]
[BlackFideId "4803361"]
[WhiteElo "2519"]
[BlackElo "2383"]
[WhiteTeam "BRA"]
[BlackTeam "IRQ"]
[WhiteClock "0:01:35"]
[BlackClock "0:02:18"]

1. d4 Nf6 2. Nf3 g6 3. e3 Bg7 4. Be2 O-O 5. O-O c5 6. b3 d5 7. Bb2 Nc6 8. Nbd2 b6 9. a3 Bb7 10. Ne5 Nxe5 11. dxe5 Ne4 12. Nxe4 dxe4 13. Qe1 Qc7 14. Qc3 Rad8 15. Rfd1 Rxd1+ 16. Rxd1 Rd8 17. Rxd8+ Qxd8 18. Kf1 Qd5 19. Ke1 Kf8 20. Bc4 Qd7 21. a4 Qg4 22. Qd2 Qc8 23. h3 Qc7 24. Qc3 Qd7 25. e6 Bxc3+ 0-1

[Event "December 5 Early 2023"]
[Site "https://www.chess.com"]
[Date "2023.12.05"]
[Round "11"]
[White "Eugene, Floryan"]
[Black "yaguigor"]
[Result "1-0"]
[Board "89"]
[TimeControl "180+1"]
[WhiteFideId "20694784"]
[WhiteElo "2512"]
[BlackElo "2348"]
[WhiteTeam "FRA"]
[WhiteClock "0:00:03"]
[BlackClock "0:00:00"]

1. d4 d5 2. c4 c6 3. Nf3 Nf6 4. e3 Bf5 5. Nc3 e6 6. Nh4 Be4 7. f3 Bg6 8. Qb3 Qc7 9. Nxg6 hxg6 10. g3 Be7 11. Bg2 dxc4 12. Qxc4 Rxh2 13. Rxh2 Qxg3+ 14. Kf1 Qxh2 15. e4 Nbd7 16. Be3 Nh5 17. Ne2 Ng3+ 18. Nxg3 Qxg3 19. Rd1 Nb6 20. Qb3 Bg5 21. Bf2 Qc7 22. Bh3 O-O-O 23. a4 Rh8 24. Bg2 Bh4 25. Be3 Rd8 26. a5 Nd7 27. a6 b6 28. Rc1 Nb8 29. f4 Bg3 30. e5 Kd7 31. d5 exd5 32. Bxd5 Ke8 33. Be4 g5 34. Bxb6 Qxb6 35. Qxg3 Qxa6+ 36. Kg1 Qb6+ 37. Kh1 Qxb2 38. Rf1 Qd4 39. Qf3 g4 40. Qe2 Kf8 41. Bg2 Qd7 42. Qe4 Qd6 43. exd6 1-0

[Event "December 5 Early 2023"]
[Site "https://www.chess.com"]
[Date "2023.12.05"]
[Round "11"]
[White "Vorons, Uldis"]
[Black "Kurmangaliyeva, Liya"]
[Result "1-0"]
[Board "90"]
[TimeControl "180+1"]
[WhiteFideId "11611758"]
[BlackFideId "13725831"]
[WhiteElo "2372"]
[BlackElo "2506"]
[WhiteTeam "LAT"]
[BlackTeam "KAZ"]
[WhiteClock "0:00:45"]
[BlackClock "0:00:00"]

1. e4 c5 2. Nf3 e6 3. g3 Nc6 4. Bg2 Nf6 5. Qe2 e5 6. O-O Be7 7. Na3 O-O 8. d3 d6 9. Nc4 Re8 10. a4 h6 11. Ne3 Bf8 12. h3 Be6 13. Nf5 d5 14. c3 c4 15. dxc4 dxe4 16. N3h4 Na5 17. Rd1 Qc7 18. Bxe4 Bxc4 19. Qf3 Nxe4 20. Qxe4 Nb3 21. Rb1 Nxc1 22. Rbxc1 Rad8 23. Ne3 Bb3 24. Rxd8 Rxd8 25. Nf3 Re8 26. Re1 Qa5 27. Qxb7 Qxa4 28. Nf5 Bc2 29. Nxe5 Qb3 30. Qd7 Qe6 31. Qxe6 Rxe6 32. Nd4 1-0

[Event "December 5 Early 2023"]
[Site "https://www.chess.com"]
[Date "2023.12.05"]
[Round "11"]
[White "Dimitrijevic, Darko"]
[Black "Ovezdurdyyeva, Jemal"]
[Result "0-1"]
[Board "91"]
[TimeControl "180+1"]
[WhiteFideId "14500892"]
[BlackFideId "14001888"]
[WhiteElo "2245"]
[BlackElo "2400"]
[WhiteTeam "CRO"]
[BlackTeam "TKM"]
[WhiteClock "0:01:10"]
[BlackClock "0:02:20"]

1. g3 Nf6 2. Bg2 g6 3. b3 Bg7 4. Bb2 O-O 5. d3 Nc6 6. Nd2 b6 7. e4 Bb7 8. Ne2 d5 9. e5 Nd7 10. f4 e6 11. d4 Ne7 12. Nf3 Nf5 13. Qd2 c5 14. O-O-O a5 15. g4 Nh4 16. Nxh4 Qxh4 17. h3 a4 18. Qe3 axb3 19. axb3 Ba6 20. Ng3 c4 21. b4 c3 22. Bxc3 Rfc8 23. Bb2 Bc4 24. Bf1 b5 25. c3 Nb6 26. Kb1 Ra2 27. Bxc4 Rxb2+ 0-1

[Event "December 5 Early 2023"]
[Site "https://www.chess.com"]
[Date "2023.12.05"]
[Round "11"]
[White "Sadubayev, Airat"]
[Black "Skibbe, Willi"]
[Result "1/2-1/2"]
[Board "92"]
[TimeControl "180+1"]
[WhiteFideId "13713264"]
[BlackFideId "4682190"]
[WhiteElo "2647"]
[BlackElo "2337"]
[WhiteTeam "KAZ"]
[BlackTeam "GER"]
[WhiteClock "0:00:14"]
[BlackClock "0:00:20"]

1. d4 d5 2. c4 e6 3. Nf3 Nf6 4. Nc3 Be7 5. Bf4 O-O 6. e3 b6 7. cxd5 Nxd5 8. Bg3 c5 9. Bd3 Nc6 10. O-O cxd4 11. exd4 Bb7 12. a3 Rc8 13. Rc1 Nxc3 14. Rxc3 Bf6 15. Be4 Qd7 16. Rd3 Ne7 17. Ne5 Bxe5 18. dxe5 Qc7 19. Rd7 Bxe4 20. Rxc7 Rxc7 21. Qd6 Rfc8 22. Rd1 Nd5 23. h4 Rc6 24. Qd7 R6c7 25. Qb5 h5 26. Qe2 Bg6 27. Qa6 Bf5 28. Kh2 Bg4 29. Re1 Bf5 30. Qe2 Bg4 31. Qa6 Bf5 32. Qe2 Bg4 33. Qa6 1/2-1/2

[Event "December 5 Early 2023"]
[Site "https://www.chess.com"]
[Date "2023.12.05"]
[Round "11"]
[White "Omariev, Maksim"]
[Black "Shyam, Sundar M."]
[Result "1-0"]
[Board "93"]
[TimeControl "180+1"]
[WhiteFideId "4193423"]
[BlackFideId "5019141"]
[WhiteElo "2471"]
[BlackElo "2643"]
[WhiteTeam "RUS"]
[BlackTeam "IND"]
[WhiteClock "0:00:05"]
[BlackClock "0:01:02"]

1. g4 e5 2. Bg2 Nc6 3. c4 d6 4. h3 Nge7 5. Nc3 Ng6 6. d3 Nh4 7. Be4 g6 8. Nf3 Nxf3+ 9. Bxf3 Nd4 10. Bg2 h5 11. e3 Ne6 12. Qe2 hxg4 13. hxg4 Rxh1+ 14. Bxh1 Qh4 15. Bg2 Ng5 16. Nd5 Bxg4 17. Qxg4 Qxg4 18. Nf6+ Ke7 19. Nxg4 f5 20. Nh2 Bg7 21. Bxb7 Rh8 22. Nf1 e4 23. dxe4 fxe4 24. Ng3 Rh4 25. Ke2 Be5 26. Nf1 Rg4 27. Rb1 Rg2 28. Bd2 Rg1 29. Bc3 Bxc3 30. bxc3 Kf6 31. Rd1 Rg2 32. Ng3 Ke5 33. Rh1 c5 34. Kf1 Rxg3 35. fxg3 Kf5 36. Kf2 Kg4 37. Rh4+ Kf5 38. Rf4+ Ke5 39. g4 a5 40. a4 Nh3+ 41. Kg3 Nxf4 42. exf4+ Ke6 43. Bxe4 Kf6 44. Kf3 1-0